 Dungeon Sprint DCSS version 0.31.0-32-g396128a36d (webtiles) character file.

Game seed: 18141737748344191234

1145 Heoruswealwe the Impaler (level 8, -5/82 HPs)
             Began as a Minotaur Fighter on Mar 8, 2024.
             Was an Initiate of Gozag.
             Slain by a cyclops (14 damage)
             ... in the Dungeon (Sprint IX: "|||||||||||||||||||||||||||||").
             The game lasted 00:01:30 (173 turns).

Heoruswealwe the Impaler (Minotaur Fighter)          Turns: 173, Time: 00:01:31

Health: -5/82      AC:  9    Str: 22    XL:     8   Next: 15%
Magic:  7/7        EV:  9    Int:  5    God:    Gozag
Gold:   702        SH:  4    Dex: 11    Spells: 7/7 levels left

rFire   . . .        a - +0 trident
rCold   . . .        d - +0 buckler
rNeg    . . .        c - +0 scale mail
rPois   .            (helmet restricted)
rElec   .            (no cloak)
rCorr   .            (no gloves)
SInv    .            (no boots)
Will    .....        (no amulet) Stlth
                     (no ring)
HPRegen 0.33/turn    (no ring)
MPRegen 0.10/turn

%: no teleportation
@: gold aura
A: horns 2, retaliatory headbutt
a: Renounce Religion, Potion Petition, Call Merchant, Bribe Branch


You were in the Dungeon.
You worshipped Gozag.
Gozag was pleased with you.
You visited 1 branch You collected 702 gold pieces.

Inventory:

Hand Weapons
 a - a +0 trident (weapon)
Armour
 c - a +0 scale mail (worn)
 d - a +0 buckler (worn)
Jewellery
 k - a +3 ring of strength
 l - a +3 ring of dexterity
Wands
 h - a wand of light (10)
Scrolls
 j - 2 scrolls of blinking
Potions
 b - a potion of might
 e - 5 potions of curing
 f - 2 potions of heal wounds
 g - a potion of haste
 i - a potion of berserk rage


   Skills:
 + Level 11.3 Fighting
 * Level 15.1 Polearms
 + Level 11.3 Armour
 - Level 3.6 Shields


You had 7 spell levels left.
You didn't know any spells.
Your spell library was empty.

Dungeon Overview and Level Annotations

Branches:
Dungeon (1/1)

Altars:
Cheibriados
Dithmenos
Elyvilon
Fedhas
Gozag
Hepliaklqana
Kikubaaqudgha
Makhleb
Nemelex Xobeh
Okawaru
Qazlal
Ru
Sif Muna
Trog
Uskayaw
Vehumet
Wu Jian
Xom
Yredelemnul
Zin
The Shining One
Jiyva
Lugonu


Innate Abilities, Weirdness & Mutations

You have a pair of horns on your head.
You reflexively headbutt those who attack you in melee.


Message History

The slime creature jiggles.
The vampire casts a spell.
The vampire flickers and vanishes!
Deactivating autopickup; reactivate with Ctrl-A.
The arcanist mumbles some strange words.
The arcanist glows brightly for a moment.
The kobold demonologist mumbles some strange words.
You hit the kobold demonologist.
The kobold demonologist is heavily wounded.
You puncture the kobold demonologist!
The kobold demonologist is almost dead.
The chaos spawn pecks you!
* * * LOW HITPOINT WARNING * * *
The kobold demonologist hits you but does no damage.
You puncture the kobold demonologist!
You kill the kobold demonologist!
The chaos spawn degenerates into a cloud of primal chaos!
Your Fighting skill increases to level 11!
Your Polearms skill increases to level 15!
Your Armour skill increases to level 11!
You have reached level 8!
You feel agile.
The arcanist is distracted by your dazzling golden aura.
The cyclops hits you.
* * * LOW HITPOINT WARNING * * *
There is an open door, spattered with blood here.
Things that are here:
54 gold pieces; a +0 dagger; a +0 robe You barely miss the cyclops.
You headbutt the cyclops, but do no damage.
You block the cyclops's attack.
You hit the cyclops. You headbutt the cyclops.
The cyclops is lightly wounded.
You hit the cyclops but do no damage.
The cyclops is lightly wounded.
You puncture the cyclops!
The cyclops is moderately wounded.
The cyclops hits you!
You die...
Your body crumbles into a pile of gold. ▓▓▓▓▓▓▓▓▓▓▓▓▓▓▓▓▓▓▓▓▓▓▓▓ !?).[[[..'))))..@Cy{Jp.+ ▓▓▓▓▓▓▓▓▓▓▓▓▓▓▓▓▓▓▓▓▓▓▓▓

You could see a slime creature, a cyclops, an arcanist and a vampire mosquito.

Vanquished Creatures
  2 kobold demonologists (D)
  A yak (D)
  An orc warrior (D)
  An ogre (D)
  2 centaurs (D)
  A scorpion (D)
  A hound (D)
  A gnoll bouda (D)
  A dart slug (D)
  A ball python (D)
  A goblin (D)
  A hobgoblin (D)
  A quokka (D)
  A frilled lizard (D)
  A kobold (D)
17 creatures vanquished.

Notes
Turn   | Place    | Note
-------+----------+-------------------------------------------
     0 | D        | Heoruswealwe the Minotaur Fighter began the quest for the
                  | Orb.
     0 | D        | Reached XP level 1. HP: 19/19 MP: 0/0
     5 | D        | Reached skill level 3 in Polearms
    18 | D        | Noticed a scorpion
    18 | D        | Noticed a hound
    18 | D        | Noticed an ogre
    25 | D        | Killed a scorpion
    26 | D        | Reached skill level 5 in Fighting
    26 | D        | Reached skill level 6 in Polearms
    26 | D        | Reached skill level 5 in Armour
    26 | D        | Reached XP level 2. HP: 27/30 MP: 1/1
    26 | D        | Reached XP level 3. HP: 33/37 MP: 2/2
    32 | D        | Reached skill level 7 in Polearms
    32 | D        | Reached XP level 4. HP: 36/44 MP: 3/3
    34 | D        | Killed an ogre
    35 | D        | Reached skill level 9 in Polearms
    35 | D        | Reached XP level 5. HP: 43/52 MP: 4/4
    46 | D        | Found a snail-covered altar of Cheibriados.
    46 | D        | Found a shadowy altar of Dithmenos.
    46 | D        | Found a white marble altar of Elyvilon.
    46 | D        | Found a blossoming altar of Fedhas.
    46 | D        | Found an opulent altar of Gozag.
    47 | D        | Found a hazy altar of Hepliaklqana.
    48 | D        | Found a viscous altar of Jiyva.
    49 | D        | Found an ancient bone altar of Kikubaaqudgha.
    50 | D        | Found a corrupted altar of Lugonu.
    51 | D        | Found a burning altar of Makhleb.
    52 | D        | Found a sparkling altar of Nemelex Xobeh.
    53 | D        | Found an iron altar of Okawaru.
    54 | D        | Became a worshipper of Gozag Ym Sagoz the Greedy
    55 | D        | Found a stormy altar of Qazlal.
    56 | D        | Found a sacrificial altar of Ru.
    57 | D        | Found a shimmering blue altar of Sif Muna.
    58 | D        | Found a bloodstained altar of Trog.
    59 | D        | Found a hide-covered altar of Uskayaw.
    60 | D        | Found a radiant altar of Vehumet.
    61 | D        | Found an ornate altar of the Wu Jian Council.
    62 | D        | Found a shimmering altar of Xom.
    63 | D        | Found a basalt altar of Yredelemnul.
    64 | D        | Found a glowing silver altar of Zin.
    65 | D        | Found a glowing golden altar of the Shining One.
    92 | D        | Noticed a yak
    92 | D        | Noticed an orc warrior
    92 | D        | Noticed a kobold demonologist
    92 | D        | Noticed a centaur
    92 | D        | Noticed a centaur
   101 | D        | Killed a yak
   102 | D        | Reached skill level 11 in Polearms
   102 | D        | Reached XP level 6. HP: 50/62 MP: 5/5
   108 | D        | Killed an orc warrior
   109 | D        | Reached skill level 12 in Polearms
   127 | D        | Killed a kobold demonologist
   128 | D        | Reached skill level 10 in Fighting
   128 | D        | Reached skill level 13 in Polearms
   128 | D        | Reached skill level 10 in Armour
   128 | D        | Reached XP level 7. HP: 19/73 MP: 6/6
   133 | D        | Reached skill level 14 in Polearms
   159 | D        | Noticed a kobold demonologist
   159 | D        | Noticed a cyclops
   159 | D        | Noticed a vampire mosquito
   159 | D        | Noticed a vampire
   159 | D        | Noticed a slime creature
   159 | D        | Noticed an arcanist
   166 | D        | Noticed a chaos spawn
   168 | D        | Killed a kobold demonologist
   169 | D        | Reached skill level 15 in Polearms
   169 | D        | Reached XP level 8. HP: 10/82 MP: 7/7
   173 | D        | Slain by a cyclops

Illustrated notes

Levels and vault maps discovered:
D:        linesprint [early_d, line_temple, items_1, d_10, items_2, lair_1,
          lair_end, items_3, orc_1, orc_end, items_4, d_15, swamp_1, shoals_1,
          snake_1, spider_1, d_20, vaults_1, items_5, swamp_end, shoals_end,
          snake_end, spider_end, vaults_end, d_27, items_6, zot_1, zot_end,
          crypt_end, forest_end, elf_end, slime_end, tomb_end, abyss_end,
          pan_hell_end]

Skill      XL: |  1  2  3  4  5  6  7 |
---------------+----------------------+-----
Polearms       | 6 7 9 11 13 15 | 15.1
Fighting       | 5 6 7 8 10 11 | 11.3
Armour         | 5 6 7 8 10 11 | 11.3
Shields        | |  3.6

Action                     |  1- 3 |  4- 6 |  7- 9 || total
---------------------------+-------+-------+-------++-------
  Melee: Trident           |    19 |    38 |    24 ||    81
         Headbutt          |     3 |    12 |     4 ||    19
    Use: Potion            |       |     1 |       ||     1
 Armour: Scale mail        |     8 |    19 |    13 ||    40
  Dodge: Dodged            |     8 |    10 |     8 ||    26
  Block: Buckler           |     6 |     4 |     2 ||    12
